 Dungeon Crawl Stone Soup version 0.19.1 (webtiles) character file.

3109 Banto the Carver (level 9, 0/81 HPs)
             Began as a High Elf Skald on Nov 25, 2016.
             Was a High Priest of the Shining One.
             Slain by a wolf (7 damage)
             ... on level 8 of the Dungeon.
             The game lasted 00:15:01 (8218 turns).

Banto the Carver (High Elf Skald)                   Turns: 8218, Time: 00:15:02

Health: 0/81       AC: 24    Str: 13    XL:     9   Next: 60%
Magic:  13/13      EV:  2    Int: 15    God:    the Shining One [*****.]
Gold:   386        SH:  0    Dex: 20    Spells: 5 memorised, 2 levels left

rFire  + . .     SeeInvis .     y - +0 long sword
rCold  . . .     Gourm    .     (armour currently unavailable)
rNeg   + + +     Faith    .     (no shield)
rPois  +         Spirit   .     (helmet currently unavailable)
rElec  .         Reflect  .     (cloak currently unavailable)
rCorr  .         Harm     .     (gloves currently unavailable)
MR     +....     NoTele   +     (boots currently unavailable)
Stlth  +.........               I - amulet of magic regeneration
                                g - ring of protection from magic
                                r - ring of protection from fire

@: tree-form, very slightly contaminated, glowing
A: (talons 0), strong 1
a: Divine Shield, Cleansing Flame, Summon Divine Warrior, Renounce Religion


You were on level 8 of the Dungeon.
You worshipped the Shining One.
The Shining One was extremely pleased with you.
You were hungry.
You were a tree.
You visited 2 branches of the dungeon, and saw 9 of its levels.
You also visited: Ossuary.

You collected 386 gold pieces.

Inventory:

Hand Weapons
 y - a +0 long sword (weapon)
 O - a +1 dagger of speed
Missiles
 x - 6 javelins (quivered)
Armour
 b - a +0 leather armour (melded)
 h - a +1 pair of gloves (melded)
 L - a +0 pair of boots (melded)
Jewellery
 g - a ring of protection from magic (right branch)
 k - an uncursed ring of see invisible
 r - a ring of protection from fire (left branch)
 I - an amulet of magic regeneration (around neck)
Wands
 c - a wand of paralysis (8/24)
 t - a wand of iceblast (0/15)
 u - a wand of disintegration (5/24)
 N - a wand of digging (12/24)
Scrolls
 q - 2 scrolls of teleportation
 A - 4 scrolls of amnesia
 E - 3 scrolls of magic mapping
 F - a scroll of enchant weapon
 G - a scroll of recharging
 K - a scroll of fog
Potions
 e - 2 potions of lignification
 f - 2 potions of brilliance
 i - 3 potions of heal wounds
 l - 4 potions of flight
 n - 3 potions of curing
 o - 2 potions of might
 p - 2 potions of agility
 v - 2 potions of invisibility {unknown}
 w - 2 potions of degeneration {unknown}
 z - 2 potions of ambrosia {unknown}
 B - 2 potions of magic {unknown}
 C - 2 potions of cure mutation {unknown}
 D - 2 potions of haste {unknown}
Books
 j - a book of Minor Magic

   Spells                             Type                      Level
   a - Magic Dart                     Conjuration                  1
   b - Blink                          Translocation                2
   c - Call Imp                       Summoning                    2
   d - Repel Missiles                 Charms/Air                   2
   e - Slow                           Hexes                        2
   f - Conjure Flame                  Conjuration/Fire             3
   g - Mephitic Cloud                 Conjuration/Poison/Air       3
Comestibles
 a - a chunk of flesh
 d - 3 bread rations
 m - 4 meat rations
 H - a slice of pizza
 J - a beef jerky


   Skills:
 - Level 2.0 Fighting
 + Level 11.4 Long Blades
 - Level 0.8 Armour
 + Level 10.4 Dodging
 - Level 2.4 Spellcasting
 - Level 3.6 Charms


You had 2 spell levels left.
You knew the following spells:

 Your Spells              Type           Power        Failure   Level  Hunger
a - Infusion              Chrm           ##..         6%          1    #......
b - Song of Slaying       Chrm           ##......     10%         2    ###....
c - Shroud of Golubria    Chrm/Tloc      #.........   17%         2    ###....
d - Spectral Weapon       Hex/Chrm       #.......     34%         3    ###....
e - Repel Missiles        Chrm/Air       #.....       17%         2    ###....


Dungeon Overview and Level Annotations

Branches:
Dungeon (8/15)             Temple (1/1) D:7
   Lair: D:8-11

Altars:
Hepliaklqana
Ru
Trog
Uskayaw
Xom
The Shining One


Innate Abilities, Weirdness & Mutations

((You have sharp toenails.))
Your muscles are strong. (Str +2)


Message History

You slash the jackal!
You kill the jackal!
The wolf bites you but does no damage.
You hit the wolf.
The wolf is lightly wounded.
The wolf bites you but does no damage.
Your spectral weapon hits the wolf!
The wolf stops to sniff the ground.
The wolf bites you but does no damage.
You closely miss the wolf.
The wolf is moderately wounded.
Your spectral weapon completely misses the wolf.
The wolf bites you.
* * * LOW HITPOINT WARNING * * *
You take 4 damage, and have 6/81 hp.
MP restored: 13 You hit the wolf.
The wolf is severely wounded.
Your spectral weapon completely misses the wolf.
The wolf bites you!
You die...

..#.....###(##.........######.#.#
........# #(##................#.#
..#..:.####.##................#.#
.........>#.##................#.#
..#....##.#.#####......÷......#.#
#.#<......#)# ########......# .
#.#.###.###(# ### #......# .
........# #.# #h#######......# .
........# #.# #♣(............#..
........# #)# #.#####.†.......<.
........# #)# #.# #....%......
........# #)# #.# #..........≈
.......## #(# #.# #......[...≈
....#### #.# #.# #..........≈
....# #####.####.#####..........≈
....# #..)....##.#..............≈
....# #....(..##.#.###..........≈


You could see a wolf and a friendly spectral long sword.

Vanquished Creatures
  An ice beast (D:5)
  A black bear (D:8)
  3 wolves (D:8)
  A phantom (D:6)
  2 necrophages
  An ogre (D:6)
  4 centaurs
  3 big kobolds
  5 elf zombies (Ossuary)
  2 bullfrogs (D:6)
  A water moccasin zombie (D:7)
  3 killer bees (D:7)
  2 vampire bats (D:5)
  2 electric eels (D:8)
  4 crimson imps
  A bullfrog zombie (D:7)
  6 hounds
  A centaur zombie (Ossuary)
  2 bullfrog skeletons
  2 orc priests
  7 worker ants
  A hound zombie (D:5)
  A hound skeleton (D:4)
  3 mummies
  3 gnolls
  7 adders
  A shadow imp (D:6)
  2 adder skeletons
  2 adder zombies
  3 worms
  3 dart slugs
  2 leopard geckos
  15 orcs
  12 bats
  2 giant cockroaches
  4 goblins
  10 hobgoblins
  16 jackals
  27 kobolds
  5 quokkas
  2 frilled lizards
  A goblin zombie (Ossuary)
  4 hobgoblin zombies (Ossuary)
  4 jackal zombies
  13 kobold zombies
  A leopard gecko skeleton (D:4)
  10 orc zombies (Ossuary)
  A quokka skeleton (D:8)
  A quokka zombie (D:5)
  7 rats
217 creatures vanquished.

Vanquished Creatures (others)
  6 spectral weapons
6 creatures vanquished.

Grand Total: 223 creatures vanquished

Notes
Turn   | Place    | Note
-------+----------+-------------------------------------------
     0 | D:1      | Banto the High Elf Skald began the quest for the Orb.
     0 | D:1      | Reached XP level 1. HP: 14/14 MP: 4/4
   215 | D:1      | Reached skill level 3 in Long Blades
   215 | D:1      | Reached XP level 2. HP: 19/19 MP: 1/6
   859 | D:2      | Reached XP level 3. HP: 24/24 MP: 7/7
  1001 | D:2      | Learned a level 2 spell: Song of Slaying
  1004 | D:2      | Learned a level 2 spell: Shroud of Golubria
  1397 | D:2      | Reached skill level 4 in Long Blades
  1603 | D:2      | Reached XP level 4. HP: 26/29 MP: 2/8
  2272 | D:4      | Found a hazy altar of Hepliaklqana.
  2272 | D:4      | Found a sacrificial altar of Ru.
  2279 | D:4      | Found a glowing golden altar of the Shining One.
  2279 | D:4      | Found a shimmering altar of Xom.
  2291 | D:4      | Became a worshipper of the Shining One
  2322 | D:4      | Found a sand-covered staircase.
  2377 | D:4      | Reached XP level 5. HP: 21/34 MP: 5/9
  2492 | Ossuary  | Entered an ossuary
  2499 | Ossuary  | Learned a level 3 spell: Spectral Weapon
  2528 | Ossuary  | Reached skill level 5 in Long Blades
  2539 | Ossuary  | Reached * piety under the Shining One
  2619 | Ossuary  | Reached ** piety under the Shining One
  2707 | Ossuary  | Reached *** piety under the Shining One
  2964 | Ossuary  | Reached XP level 6. HP: 14/39 MP: 4/10
  3353 | Ossuary  | Reached skill level 6 in Long Blades
  3438 | Ossuary  | Reached skill level 5 in Dodging
  3582 | Ossuary  | Reached XP level 7. HP: 28/45 MP: 2/11
  3737 | D:4      | Reached skill level 7 in Long Blades
  4608 | D:5      | Entered Level 5 of the Dungeon
  4954 | D:5      | Reached **** piety under the Shining One
  4987 | D:5      | Reached skill level 8 in Long Blades
  5013 | D:5      | Reached XP level 8. HP: 38/50 MP: 12/12
  5414 | D:5      | Found a hide-covered altar of Uskayaw.
  5761 | D:6      | Learned a level 2 spell: Repel Missiles
  5892 | D:6      | Reached skill level 9 in Long Blades
  6007 | D:6      | Found a bloodstained altar of Trog.
  6186 | D:6      | Paralysed by a centaur for 2 turns
  6565 | D:7      | Reached skill level 10 in Long Blades
  6571 | D:7      | Found a staircase to the Ecumenical Temple.
  6580 | Temple   | Entered the Ecumenical Temple
  6633 | D:7      | Reached XP level 9. HP: 33/54 MP: 9/13
  7381 | D:7      | Reached ***** piety under the Shining One
  7708 | D:8      | Gained mutation: You are agile. (Dex +2) [potion of mutation]
  7708 | D:8      | Gained mutation: You have sharp toenails. [potion of mutation]
  7708 | D:8      | Gained mutation: You are covered in fur. (AC +1) [potion of mutation]
  7709 | D:8      | Lost mutation: You are agile. (Dex +2) [potion of mutation]
  7709 | D:8      | Lost mutation: You are covered in fur. (AC +1) [potion of mutation]
  7709 | D:8      | Gained mutation: Your muscles are strong. (Str +2) [potion of mutation]
  7753 | D:8      | Reached skill level 11 in Long Blades
  7753 | D:8      | Reached skill level 10 in Dodging
  8205 | D:8      | HP: 1/81 [wolf (7)]
  8218 | D:8      | Slain by a wolf

Skill      XL: |  1  2  3  4  5  6  7  8  9 |
---------------+----------------------------+-----
Long Blades    | 3 4 5 6 8 10 11 | 11.4
Dodging        | 2 3 4 5 7 9 10 | 10.4
Fighting       | |  2.0
Armour         | |  0.8
Spellcasting   | |  2.4
Charms         | |  3.6

Action                   |  1- 3 |  4- 6 |  7- 9 || total
-------------------------+-------+-------+-------++-------
Melee: Falchion          |    41 |       |       ||    41
       Dagger            |   120 |   446 |   151 ||   717
       Long sword        |       |       |   325 ||   325
Throw: Javelin           |       |       |     1 ||     1
 Cast: Infusion          |    16 |    13 |     4 ||    33
       Shroud of Golubri |     1 |     6 |     3 ||    10
       Spectral Weapon   |       |     5 |    18 ||    23
       Song of Slaying   |       |       |     1 ||     1
Evoke: Wand              |       |       |     4 ||     4
  Use: Scroll            |     6 |     7 |     7 ||    20
       Potion            |       |       |     6 ||     6
 Stab: Distracted        |       |     1 |       ||     1
  Eat: Chunk             |     2 |     4 |    18 ||    24
       Beef jerky        |       |     1 |       ||     1
       Meat ration       |       |     1 |       ||     1
Armor: Leather armour    |    27 |    46 |    78 ||   151
       Skin              |       |       |    35 ||    35
Dodge: Dodged            |    78 |   138 |   355 ||   571
       Rpst.: Falchion   |     8 |       |       ||     8
       Long sword        |       |       |    87 ||    87

Table legend:
 A = Turns spent in this place as a percentage of turns spent in the entire game.
 B = Non-inter-level travel turns spent in this place as a percentage of non-inter-level travel turns spent in the entire game.
 C = Inter-level travel turns spent in this place as a percentage of turns spent in this place.
 D = Turns resting spent in this place as a percentage of non-inter-level travel turns spent in this place.
 E = Turns spent auto-exploring this place as a percentage of non-inter-level travel turns spent in this place.
 F = Non-inter-level travel turns spent in this place divided by the number of levels of this place that you've seen.
                   A       B       C       D       E      F
               +-------+-------+-------+-------+-------+----------------------
         Total | 100.0 | 100.0 |   0.5 |   3.4 |   7.2 | 298.7
       Dungeon |  70.8 |  70.6 |   0.7 |   4.2 |  10.0 | 263.8
        Temple |   0.0 |   0.0 |   0.0 |   0.0 |   0.0 |   1.0
       Ossuary |  29.2 |  29.3 |   0.0 |   1.5 |   0.3 | 876.0
               +-------+-------+-------+-------+-------+----------------------

Table legend:
 A = Kills in this place as a percentage of kills in entire the game.
 B = Kills by you in this place as a percentage of kills by you in the entire game.
 C = Kills by friends in this place as a percentage of kills by friends in the entire game.
 D = Other kills in this place as a percentage of other kills in the entire game.
 E = Experience gained in this place as a percentage of experience gained in the entire game.
 F = Experience gained in this place divided by the number of levels of this place that you have seen.
                   A       B       C       D       E      F
               +-------+-------+-------+-------+-------+----------------------
         Total | 100.0 | 100.0 |  -nan |  -nan | 100.0 | 444.2
       Dungeon |  82.5 |  82.5 |  -nan |  -nan |  86.5 | 480.5
       Ossuary |  17.5 |  17.5 |  -nan |  -nan |  13.5 | 598.0
               +-------+-------+-------+-------+-------+----------------------
